 Dungeon Crawl Stone Soup version 0.30.1-1-g62c8e00024 (webtiles) character file.

Game seed: 8038591466870785313

3616 Gorgoleon the Carver (level 10, -10/68 HPs)
             Began as a Human Gladiator on July 16, 2023.
             Mangled by Gastronok (11 damage)
             ... on level 8 of the Dungeon.
             The game lasted 00:27:41 (8270 turns).

Gorgoleon the Carver (Human Gladiator)              Turns: 8270, Time: 00:27:42

Health: -10/68     AC: 14    Str: 20    XL:     10   Next: 32%
Magic:  10/10      EV: 13    Int:  8    God:
Gold:   301        SH:  0    Dex: 14    Spells: 9/9 levels left

rFire   . . .        y - +2 long sword (flame)
rCold   . . .        (no shield)
rNeg    . . .        A - +0 steam dragon scales
rPois   .            c - +0 helmet
rElec   .            g - +2 cloak
rCorr   .            (no gloves)
SInv    .            t - +0 pair of boots
Will    .....        (no amulet)
Stlth   +            u - +4 ring of protection
HPRegen 0.31/turn    (no ring)
MPRegen 0.12/turn

%: no passive effects
@: slowed, very slow
A: no striking features
a: no special abilities


You were on level 8 of the Dungeon.
You visited 2 branches of the dungeon, and saw 9 of its levels.

You collected 301 gold pieces.

Inventory:

Hand Weapons
 y - a +2 long sword of flaming (weapon)
Missiles
 d - a throwing net
 e - a javelin
 f - 87 stones (quivered)
 m - 11 boomerangs
Armour
 c - a +0 helmet (worn)
 g - a +2 cloak (worn)
 t - a +0 pair of boots (worn)
 w - a +2 ring mail of willpower
 A - +0 steam dragon scales (worn)
 C - a +3 ring mail of poison resistance
 F - the +5 ring mail of Hide-and-Seek {Regen+ Str+4 Int-5}
   (You found it on level 7 of the Dungeon)

   Str:       It affects your strength (+4).
   Int:       It affects your intelligence (-5).
   Regen:     It increases your rate of health regeneration.
Jewellery
 s - a +5 ring of evasion
 u - a +4 ring of protection (left hand)
Wands
 l - a wand of charming (6)
 p - a wand of mindburst (4)
 z - a wand of iceblast (7)
Scrolls
 a - 2 scrolls of teleportation
 b - a scroll of identify
 k - a scroll of blinking
 r - 2 scrolls of amnesia
 v - a scroll of fog
 x - a scroll of enchant armour
 D - a scroll of magic mapping
Potions
 h - 3 potions of lignification
 i - 4 potions of mutation
 j - 2 potions of degeneration
 n - a potion of attraction
 q - a potion of flight
 B - 2 potions of brilliance
 E - a potion of curing


   Skills:
 + Level 2.5 Fighting
 - Level 14.0 Long Blades
 * Level 2.3 Throwing
 * Level 0.9 Armour
 * Level 3.3 Dodging
 * Level 0.9 Evocations


You had 9 spell levels left.
You didn't know any spells.
Your spell library contained the following spells:

 Spells                   Type           Power      Damage    Failure   Level
 Shock                    Conj/Air       0%         1d3       41%         1
 Inner Flame              Hex/Fire       0%         N/A       78%         3
 Stone Arrow              Conj/Erth      0%         3d7       78%         3
 Swiftness                Air            0%         N/A       78%         3
 Airstrike                Air            0%         2d(0-16)  99%         4
 Animate Armour           Summ/Erth      0%         N/A       99%         4
 Flame Wave               Conj/Fire      0%         2d4       99%         4
 Sticky Flame             Conj/Fire      0%         2d3       99%         4
 Lehudib's Crystal Spear  Conj/Erth      0%         10d2      100%        8


Dungeon Overview and Level Annotations

Branches:
Dungeon (8/15)             Temple (1/1) D:6
   Lair: D:8-11

Altars:
Ashenzari
Cheibriados
Dithmenos
Elyvilon
Fedhas
Gozag
Hepliaklqana
Kikubaaqudgha
Makhleb
Nemelex Xobeh
Sif Muna
Trog
Vehumet
Wu Jian
Xom
Yredelemnul
Zin
The Shining One

Shops:
D:3 (   D:6 =

Annotations:
D:5 3 runed translucent doors, safid's ghost, amateur MfIE
D:8 Gastronok


Message History

Gastronok is moderately wounded.
You hit Gastronok but do no damage.
Gastronok is moderately wounded.
Gastronok closely misses you.
You slash Gastronok! You burn Gastronok.
Gastronok is moderately wounded.
You hit Gastronok. You burn Gastronok.
Gastronok is moderately wounded.
Gastronok's eyestalks quiver as he mumbles some strange words.
Gastronok puts on a burst of speed!
You hit Gastronok. You burn Gastronok.
Gastronok is moderately wounded.
You hit Gastronok. You burn Gastronok.
Gastronok is moderately wounded.
Gastronok bites you but does no damage.
You hit Gastronok. You burn Gastronok.
Gastronok is heavily wounded.
You hit Gastronok. You burn Gastronok.
Gastronok is heavily wounded.
Gastronok completely misses you.
You hit Gastronok. You burn Gastronok.
Gastronok is heavily wounded.
You slash Gastronok! You burn Gastronok.
Gastronok is heavily wounded.
Gastronok bites you!!
* * * LOW HITPOINT WARNING * * *
Throw: 87 stones
Press: ? - help, Q - select action, (/) - cycle Shift-Dir - straight line, f - Gastronok
Aim: Gastronok, wearing a +0 hat (heavily wounded, covering ground quickly, 93% to hit)
Okay, then.
Throw: 2 throwing nets
Press: ? - help, Shift-Dir - straight line, f - Gastronok
Aim: Gastronok, wearing a +0 hat (heavily wounded, covering ground quickly, 93% to hit, immune to nets)
You throw a throwing net. The throwing net hits Gastronok.
Gastronok is too large for the net to hold!
Gastronok is heavily wounded.
Gastronok bites you.
* * * LOW HITPOINT WARNING * * *
Gastronok attacks as you move away! Gastronok bites you!
You die...

.#... #.#....
.......
..$#.##
....... ....#
######w..# .
#
#....@.###..#
.
#............
. .
#..<.#....##.
#. .
#..$.#.####
##.##### .
#......#
........ .
#####..#
........ .
.## ........
. .# ........
. ## #.<


You could see Gastronok (swift).

Vanquished Creatures
  Maggie (D:6)
  Joseph (D:7)
  Grinder (D:4)
  2 steam dragons (D:7)
  2 sky beasts
  Duvessa (D:4)
  2 orc warriors (D:6)
  A black bear (D:7)
  An ice beast (D:5)
  3 ogres
  2 centaurs
  2 kobold brigands
  Blork the orc (D:4)
  3 bullfrogs
  3 scorpions
  Dowan (D:4)
  A centaur zombie (D:3)
  Crazy Yiuf (D:2)
  2 orc priests
  A gnoll bouda (D:7)
  A hound (D:4)
  5 iguanas
  7 orc wizards
  2 hound zombies (D:3)
  A hound skeleton (D:3)
  6 gnolls
  15 adders
  A shadow imp (D:7)
  3 ufetubi
  An adder skeleton (D:3)
  An adder zombie (D:3)
  4 worms
  2 dart slugs
  17 orcs
  8 ball pythons
  6 endoplasms
  6 giant cockroaches
  11 goblins
  5 hobgoblins
  4 quokkas
  10 bats
  2 frilled lizards
  18 kobolds
  5 rats
173 creatures vanquished.

Vanquished Creatures (others)
  A hound (D:4)
  A dart slug (D:4)
2 creatures vanquished.

Grand Total: 175 creatures vanquished

Notes
Turn   | Place    | Note
-------+----------+-------------------------------------------
     0 | D:1      | Gorgoleon the Human Gladiator began the quest for the Orb.
     0 | D:1      | Reached XP level 1. HP: 16/16 MP: 1/1
    74 | D:1      | Reached XP level 2. HP: 22/22 MP: 2/2
   373 | D:1      | Reached skill level 4 in Long Blades
   373 | D:1      | Reached XP level 3. HP: 27/27 MP: 3/3
  1075 | D:2      | Found a runed translucent door.
  1076 | D:2      | Noticed Crazy Yiuf
  1165 | D:2      | Found a snail-covered altar of Cheibriados.
  1392 | D:3      | Reached XP level 4. HP: 33/33 MP: 4/4
  1494 | D:3      | Found Elacaeph's Antique Weapon Emporium.
  1588 | D:3      | Reached skill level 5 in Long Blades
  1588 | D:3      | Reached XP level 5. HP: 36/38 MP: 5/5
  1709 | D:3      | Found a broken altar of Ashenzari.
  1766 | D:3      | Reached skill level 6 in Long Blades
  1969 | D:3      | Found a shimmering altar of Xom.
  2261 | D:4      | Noticed Grinder
  2266 | D:4      | Reached XP level 6. HP: 29/44 MP: 6/6
  2470 | D:2      | Killed Crazy Yiuf
  2751 | D:4      | Reached skill level 7 in Long Blades
  2846 | D:4      | Noticed Blork the orc
  2852 | D:4      | Killed Blork the orc
  2853 | D:4      | Reached XP level 7. HP: 48/50 MP: 7/7
  3161 | D:4      | Paralysed by Grinder for 3 turns
  3177 | D:4      | Paralysed by Grinder for 5 turns
  3185 | D:4      | Killed Grinder
  3186 | D:4      | Reached skill level 8 in Long Blades
  3269 | D:4      | Found a hazy altar of Hepliaklqana.
  3459 | D:4      | Reached XP level 8. HP: 55/56 MP: 8/8
  3711 | D:4      | Reached skill level 9 in Long Blades
  3924 | D:4      | Noticed Dowan
  3932 | D:4      | Noticed Duvessa
  3961 | D:4      | Killed Duvessa
  3972 | D:4      | Killed Dowan
  4363 | D:5      | Entered Level 5 of the Dungeon
  4475 | D:4      | Reached skill level 10 in Long Blades
  4568 | D:5      | Found a runed translucent gate.
  4569 | D:5      | Found a runed translucent gate.
  4569 | D:5      | Found a runed translucent gate.
  4572 | D:5      | Noticed safid's ghost (amateur MfIE)
  5035 | D:5      | Reached XP level 9. HP: 12/61 MP: 9/9
  5310 | D:5      | Reached skill level 11 in Long Blades
  5642 | D:6      | Found Ocvez's Jewellery Shop.
  5642 | D:6      | Found a radiant altar of Vehumet.
  5908 | D:6      | Noticed Maggie
  5931 | D:6      | Killed Maggie
  5932 | D:6      | Reached skill level 12 in Long Blades
  6123 | D:6      | Found a staircase to the Ecumenical Temple.
  6143 | Temple   | Entered the Ecumenical Temple
  6415 | D:6      | Found a hazy altar of Hepliaklqana.
  7345 | D:7      | Reached skill level 13 in Long Blades
  7436 | D:7      | Noticed Joseph
  7455 | D:7      | Killed Joseph
  7456 | D:7      | Reached XP level 10. HP: 67/67 MP: 10/10
  7738 | D:7      | Reached skill level 14 in Long Blades
  7775 | D:7      | Identified the +5 ring mail of Hide-and-Seek {Regen+ Str+4
                  | Int-5}
  8229 | D:8      | Noticed Gastronok
  8269 | D:8      | HP: 1/68 [Gastronok (3)]
  8270 | D:8      | Mangled by Gastronok

Illustrated notes

Levels and vault maps discovered:
D:1:      minmay_arrival_four_loops, layout_rooms
D:2:      layout_rooms, basic_altar, uniq_crazy_yiuf_cottage
D:3:      layout_loops_ring, general_overflow_altar, lemuel_round_altar,
          serial_shops, shop, serial_undead, serial_undead_c, serial_undead_f,
          serial_undead_a, serial_undead_a
D:4:      minmay_diamond_boxcup, layout_basic, gup_sewer_entry_glass,
          minmay_ruined_shrine, uniq_duvessa, uniq_blork_the_orc, uniq_grinder
D:5:      layout_cave_pools, ebering_ghost_rock_garden
D:6:      layout_basic, kennysheep_little_box, vehumet_crystals,
          minmay_temple_entry_poolview, serial_shops, shop,
          minmay_splitting_lines, uniq_maggie
D:7:      layout_cave_pods, enter_bailey_5, uniq_joseph
D:8:      layout_rooms, nicolae_overflow_hidden_temple,
          mainiacjoe_overflow_paths, nicolae_ru_path_of_blood,
          roderic_roman_lattice, uniq_gastronok
Temple:   dpeg_chambers_temple

Skill      XL: |  1  2  3  4  5  6  7  8  9 10 |
---------------+-------------------------------+-----
Long Blades    | 4 5 6 7 8 10 13 14 | 14.0
Fighting       | |  2.5
Throwing       | |  2.3
Armour         | |  0.9
Dodging        | |  3.3
Evocations     | |  0.9

Action                     |  1- 3 |  4- 6 |  7- 9 | 10-12 || total
---------------------------+-------+-------+-------+-------++-------
  Melee: Long sword        |   109 |   165 |   461 |    73 ||   808
         Punch             |       |     2 |     6 |     1 ||     9
  Throw: Stone             |       |     2 |       |       ||     2
         Throwing net      |       |       |     2 |     1 ||     3
    Use: Scroll            |       |     5 |    10 |     2 ||    17
         Potion            |       |     3 |     5 |       ||     8
   Stab: Invisible         |       |       |     1 |       ||     1
         Held in net/web   |       |       |     2 |       ||     2
         Distracted        |       |       |       |     1 ||     1
 Armour: Leather armour    |    39 |    47 |       |       ||    86
         Ring mail         |       |    33 |   164 |       ||   197
         Skin              |       |       |    13 |       ||    13
         Steam dragon scal |       |       |    45 |    27 ||    72
  Dodge: Dodged            |    68 |   105 |   219 |    42 ||   434
